 Dungeon Crawl Stone Soup version 0.18.1-50-g88ac8fd (webtiles) character file.

417 Monkfish the Unseen (level 7, 0/36 HPs)
             Began as a Kobold Assassin on Oct 23, 2016.
             Slain by an orc
             ... wielding a +0 hand axe
              (4 damage)
             ... on level 4 of the Dungeon.
             The game lasted 00:09:45 (3996 turns).

Monkfish the Unseen (Kobold Assassin)               Turns: 3996, Time: 00:09:46

Health: 0/36       AC:  6    Str:  9    XL:     7   Next: 15%
Magic:  7/7        EV: 14    Int:  9    God:
Gold:   159        SH:  2    Dex: 20    Spells: 0 memorised, 6 levels left

rFire  . . .     SeeInvis .     a - +2 dagger
rCold  . . .     Gourm    .     c - +0 robe
rNeg   . . .     Faith    .     (shield restricted)
rPois  .         Spirit   .     (no helmet)
rElec  .         Dismiss  .     d - +0 cloak
rCorr  .         Reflect  .     (no gloves)
SustAt .         Harm     .     (no boots)
MR     +....                    (no amulet)
Stlth  +++++++...               (no ring)
                                h - ring of protection from magic

@: somewhat resistant to hostile enchantments, extremely stealthy
A: large bone plates 1, carnivore 3, frail 1, shaggy fur 1
a: no special abilities


You were on level 4 of the Dungeon.
You were very full.

You visited 1 branch of the dungeon, and saw 4 of its levels.

You collected 159 gold pieces.

Inventory:

Hand Weapons
 a - a +2 dagger (weapon)
 b - a +1 blowgun
Missiles
 f - 2 curare-tipped needles
 q - 11 poisoned needles
Armour
 c - a +0 robe (worn)
 d - a +0 cloak (worn)
Jewellery
 h - a ring of protection from magic (left hand)
Scrolls
 j - 5 scrolls of identify
 l - 2 scrolls of blinking
 m - a scroll of remove curse
Potions
 e - a potion of mutation
 p - 2 potions of cancellation
 u - a potion of agility
Comestibles
 g - 2 meat rations
 i - 2 slices of pizza
 k - a royal jelly


   Skills:
 + Level 2.8 Fighting
 + Level 3.7 Short Blades
 * Level 9.5 Throwing
 * Level 1.2 Dodging
 - Level 15.1 Stealth


You had 6 spell levels left.
You didn't know any spells.

Dungeon Overview and Level Annotations

Branches:
Dungeon (4/15)
 Temple: D:4-7

Altars:
Gozag
Nemelex Xobeh
Okawaru
Ru

Annotations:
D:4 Eustachio; Monkfish's ghost, novice KoAs; Sigmund


Innate Abilities, Weirdness & Mutations

You are small and have problems with some larger weapons.
You are carnivorous and can eat meat at any time.
You are partially covered in large bone plates (AC +2, SH +2).
You are frail (-10% HP).
You are covered in fur (AC +1).


Message History

The orc wizard is moderately wounded.
The orc wizard mumbles some strange words.
The orc wizard blinks!
You hit the orc wizard but do no damage.
The orc wizard is moderately wounded.
The orc wizard closely misses you. The orc wizard hits you with a dagger.
You hit the orc wizard.
The orc wizard is heavily wounded.
The orc wizard casts a spell.
The orc wizard blinks!
The orc hits you with a hand axe.
* * * LOW HITPOINT WARNING * * *
The orc wizard hits you with a dagger.
* * * LOW HITPOINT WARNING * * *
The orc wizard hits you with a dagger.
* * * LOW HITPOINT WARNING * * *
You hit the orc but do no damage.
The orc is severely wounded.
The orc wizard barely misses you. The orc hits you with a hand axe.
You die...

##########
#>...ooo..
###o########
#..........
#.#.##########
#..ooo@o......
###.#########.
#.#######
##........
#.....###....
#.....# ...#
#.....+ ...+
#.....# ...#
####'## ...#.#


You could see an orc wizard and 3 orcs.

Vanquished Creatures
  Natasha (thrice) (D:2)
  6 adders
  3 worms (D:3)
  2 dart slugs (D:2)
  3 giant geckos
  11 bats
  A giant cockroach (D:1)
  12 goblins
  8 hobgoblins
  9 jackals
  2 quokkas (D:2)
  A giant gecko skeleton (D:4)
  5 giant newts
  8 kobolds
  10 rats
84 creatures vanquished.

Notes
Turn   | Place    | Note
--------------------------------------------------------------
     0 | D:1      | Monkfish the Kobold Assassin began the quest for the Orb.
     0 | D:1      | Reached XP level 1. HP: 12/12 MP: 1/1
   316 | D:1      | Reached XP level 2. HP: 14/17 MP: 2/2
   998 | D:1      | Reached XP level 3. HP: 21/21 MP: 3/3
  1159 | D:1      | Reached skill level 6 in Stealth
  1317 | D:1      | Gained mutation: You are partially covered in large bone plates (AC +2, SH +2). [potion of mutation]
  1317 | D:1      | Gained mutation: You are frail (-10% HP). [potion of mutation]
  1317 | D:1      | Gained mutation: You are covered in fur (AC +1). [potion of mutation]
  1371 | D:2      | Found an iron altar of Okawaru.
  1393 | D:2      | Found a sacrificial altar of Ru.
  1715 | D:2      | Reached XP level 4. HP: 23/23 MP: 4/4
  1860 | D:2      | Noticed Natasha
  1874 | D:2      | Killed Natasha
  1943 | D:2      | Noticed Natasha
  1954 | D:2      | Killed Natasha
  1954 | D:2      | Reached XP level 5. HP: 24/27 MP: 5/5
  2334 | D:2      | Noticed Natasha
  2345 | D:2      | Killed Natasha
  2891 | D:3      | Found an opulent altar of Gozag.
  2897 | D:3      | Found a sparkling altar of Nemelex Xobeh.
  2952 | D:3      | Reached XP level 6. HP: 32/32 MP: 6/6
  3327 | D:3      | Reached skill level 5 in Throwing
  3489 | D:3      | Reached skill level 15 in Stealth
  3489 | D:3      | Reached XP level 7. HP: 36/36 MP: 7/7
  3839 | D:4      | Noticed Sigmund
  3839 | D:4      | Noticed Eustachio
  3893 | D:4      | Noticed Monkfish's ghost (novice KoAs)
  3996 | D:4      | Slain by an orc

Skill      XL: |  1  2  3  4  5  6 |
---------------+-------------------+-----
Short Blades   | 3 |  3.7
Stealth        | 6 15 | 15.1
Throwing       | 3 4 9 |  9.5
Fighting       | |  2.8
Dodging        | |  1.2

Action                   |  1- 3 |  4- 6 |  7- 9 || total
-------------------------+-------+-------+-------++-------
Melee: Dagger            |    49 |   130 |    34 ||   213
 Fire: Blowgun           |    35 |    26 |     7 ||    68
  Use: Scroll            |     6 |     4 |     4 ||    14
       Potion            |     2 |     4 |       ||     6
 Stab: Sleeping          |     1 |     4 |     1 ||     6
       Distracted        |       |     1 |       ||     1
  Eat: Chunk             |    11 |     5 |     1 ||    17
Armor: Robe              |    11 |    33 |    14 ||    58
Dodge: Dodged            |    41 |    70 |    37 ||   148
Block: Other             |     2 |     7 |     4 ||    13
